 Dungeon Crawl Stone Soup version 0.30-a0-726-gd89dcf765f (webtiles) character file.

Game seed: 5603815700995643782

8390 lunkers the Black Sun (level 11, -5/79 HPs)
             Began as a Meteoran Reaver on Jan 29, 2023.
             Was a High Priest of Kikubaaqudgha.
             Slain by a wraith (10 damage)
             ... on level 10 of the Dungeon.
             The game lasted 00:19:13 (5650 turns).

lunkers the Black Sun (Meteoran Reaver)             Turns: 5650, Time: 00:19:14

Health: -5/79      AC:  5    Str: 16    XL:     11   Next: 84%
Magic:  1/23       EV: 17    Int: 23    God:    Kikubaaqudgha [*****.]
Gold:   495        SH:  0    Dex: 13    Spells: 6/24 levels left

rFire   . . .      SeeInvis .    q - +4 dagger (chaos)
rCold   . . .      Faith    .    (no shield)
rNeg    . . .      Spirit   .    m - +2 robe {Will+}
rPois   .          Reflect  .    (no helmet)
rElec   .          Harm     .    (no cloak)
rCorr   .          Rampage  .    k - +0 pair of gloves
Will    ++...                    (no boots)
Stlth   +                        (no amulet)
HPRegen 0.33/turn                n - +6 ring of intelligence
MPRegen 0.18/turn                y - +5 ring of evasion

@: mighty, slowed, glowing, very slow
A: sense surroundings 2, otherworldly, glowing, explore regen
a: Renounce Religion, Unearth Wretches, Torment


You were on level 10 of the Dungeon.
You worshipped Kikubaaqudgha.
Kikubaaqudgha was extremely pleased with you.
You visited 1 branch of the dungeon, and saw 10 of its levels.
You also visited: Bailey.

You collected 715 gold pieces.
You spent 220 gold pieces at shops.

Inventory:

Hand Weapons
 a - a +0 demon blade
 b - a +1 dagger of pain
 q - a +4 dagger of chaos (weapon)
 u - a +1 dagger of distortion
Armour
 i - a +0 chain mail of fire resistance
 k - a +0 pair of gloves (worn)
 l - +0 ice dragon scales
 m - a +2 robe of willpower (worn)
 w - a +2 robe of cold resistance
 F - a +2 leather armour of poison resistance
Jewellery
 n - a +6 ring of intelligence (left hand)
 y - a +5 ring of evasion (right hand)
 E - a ring of fire
 G - an amulet of regeneration
Wands
 g - a wand of charming (9)
Scrolls
 d - 6 scrolls of fear
 e - 2 scrolls of immolation
 h - 2 scrolls of magic mapping
 p - a scroll of torment
 t - 5 scrolls of fog
 A - 4 scrolls of enchant weapon
 B - a scroll of amnesia {unknown}
 C - a scroll of teleportation
 D - a scroll of silence
Potions
 c - a potion of magic
 f - 4 potions of curing
 j - a potion of attraction
 o - 3 potions of heal wounds
 r - a potion of resistance
 s - 2 potions of cancellation {unknown}
 x - a potion of haste {unknown}
 z - 2 potions of flight {unknown}


   Skills:
 - Level 2.1 Fighting
 + Level 9.4 Short Blades
 - Level 6.7 Maces & Flails
 - Level 2.4 Dodging
 + Level 7.4 Spellcasting
 - Level 3.6 Conjurations
 * Level 11.7 Necromancy
 - Level 9.1 Earth Magic


You had 6 spell levels left.
You knew the following spells:

 Your Spells              Type           Power      Damage    Failure   Level
b - Vampiric Draining     Necr           58%        2d10      1%          3
c - Cigotuvi's Dreadful   Necr/Pois/Air  52%        N/A       2%          2
d - Borgnjor's Vile Clut  Necr/Erth      27%        N/A       2%          5
e - Death Channel         Necr           29%        N/A       10%         6
p - Kiss of Death         Conj/Necr      100%       2d13      1%          1
q - Necrotise             Necr           100%       1d9       1%          1

Your spell library contained the following spells:

 Spells                   Type           Power      Damage    Failure   Level
 Magic Dart               Conj           100%       1d8       1%          1
 Agony                    Necr           58%        N/A       1%          5
 Shock                    Conj/Air       64%        1d7       3%          1
 Momentum Strike          Conj/Tloc      32%        3d8       5%          2
 Anguish                  Hex/Necr       17%        N/A       7%          4
 Apportation              Tloc           16%        N/A       8%          1
 Slow                     Hex            32%        N/A       8%          1
 Call Imp                 Summ           8%         N/A       11%         2
 Hailstorm                Conj/Ice       16%        3d6       11%         3
 Mephitic Cloud           Conj/Pois/Air  14%        N/A       14%         3
 Confusing Touch          Hex            8%         N/A       22%         3
 Gell's Gravitas          Tloc           8%         N/A       22%         3
 Swiftness                Air            8%         N/A       22%         3
 Teleport Other           Tloc           8%         N/A       22%         3
 Airstrike                Air            4%         2d(1-17)  58%         4
 Summon Ice Beast         Ice/Summ       8%         N/A       58%         4
 Alistair's Intoxication  Tmut/Pois      5%         N/A       90%         5
 Summon Forest            Summ/Tloc      4%         N/A       90%         5
 Summon Mana Viper        Hex/Summ       8%         N/A       90%         5
 Dispersal                Tloc           4%         N/A       100%        6
 Summon Cactus Giant      Summ           4%         N/A       100%        6
 Monstrous Menagerie      Summ           4%         N/A       100%        7


Dungeon Overview and Level Annotations

Branches:
Dungeon (10/15) Zot: 733   Temple (0/1) D:5             Orc (0/2) D:10
 Bailey (visited)
   Lair: D:8-11

Altars:
Dithmenos
Elyvilon
Fedhas
Hepliaklqana
Kikubaaqudgha
Nemelex Xobeh
Qazlal
Uskayaw
Wu Jian

Shops:
D:7 *   D:10 *[(


Innate Abilities, Weirdness & Mutations

You passively map the area around you.
You are easily found by Zot.
You glow in the dark.
You regain HP and MP as you explore.


Message History

Aiming: Vampiric Draining (safe; 1% risk of failure)
Press: ? - help, Shift-Dir - straight line, f/p - centaur
Aim: a centaur (moderately wounded)
You draw life force from the centaur!
You feel life coursing into your body.
* * * LOW MAGIC WARNING * * *
The centaur closely misses you. The centaur misses you. The wraith hits you!
* * * LOW HITPOINT WARNING * * *
The centaur barely misses you. x2
Unknown command.
Casting: Vampiric Draining (safe; 1% risk of failure)
Confirm with . or Enter, or press ? or * to list all spells.
Aiming: Vampiric Draining (safe; 1% risk of failure)
Press: ? - help, Shift-Dir - straight line, f/p - centaur
Aim: a centaur (almost dead)
You draw life force from the centaur!
You kill the centaur!
Kikubaaqudgha accepts your kill.
You feel life coursing into your body.
* * * LOW MAGIC WARNING * * *
The wraith misses you. The wraith hits you but does no damage.
Unknown command.
Your +4 dagger of chaos is briefly surrounded by a scintillating aura of random colours.
q - a +4 dagger of chaos (weapon)
The wraith closely misses you.
Okay, then.
You feel very mighty all of a sudden. The wraith closely misses you.
Unknown command.
Unknown command.
You puncture the wraith!
The wraith seems to grow stronger.
The wraith is moderately damaged.
The wraith hits you!!
* * * LOW HITPOINT WARNING * * *
The wraith drains your vigour!
You feel as though you will be slow longer.
You puncture the wraith! You burn the wraith.
The wraith is severely damaged.
The wraith hits you!
You die...
Kikubaaqudgha rasps: "You have failed me!
Welcome... death!"

...
.....'...................... ..
.....#.......##########.....
*.....#.......#........#..#'#
,, .....#.......#........'..#..
,, .....'.......#........#..#..
,, .....#.......#........#..+..
, ...#.......#........#..#..
,.#######...)...#........#..#..
............W@.#........#..###
...$...#######)#........#.....
....... #.#........#.....
....>.. #.#####....#.....
.......* #.....######..... *
###'##.* #................ ..
#. #.............).. *.. ,#.
..............)). , ,
.........<....)..


You could see a wraith (strong).

Vanquished Creatures
  Erica (D:8)
  3 two-headed ogres
  A deep elf zephyrmancer (Bailey)
  An orc knight (Bailey)
  Psyche (D:8)
  A shadow (D:9)
  A wyvern (D:9)
  5 yaks (D:9)
  A water moccasin (D:7)
  2 ice beasts
  A sky beast (D:6)
  7 orc warriors
  A black bear (D:6)
  An ogre (D:6)
  4 centaurs
  Blork the orc (D:5)
  5 kobold brigands
  4 bullfrogs
  A gnoll sergeant (D:5)
  A necrophage (D:6)
  2 scorpions
  8 wights
  4 killer bees (D:8)
  2 howler monkeys
  6 orc priests
  3 hounds
  3 jellies
  2 iguanas (D:5)
  8 orc wizards
  3 gnolls (D:5)
  7 adders
  A shadow imp (D:7)
  A white imp (D:5)
  3 ufetubi
  2 worms
  2 dart slugs
  33 orcs
  4 bats
  6 endoplasms
  3 giant cockroaches (D:4)
  4 goblins
  4 hobgoblins
  3 jackals (D:2)
  4 quokkas
  3 ball pythons
  24 kobolds
  2 rats
190 creatures vanquished.

Notes
Turn   | Place    | Note
-------+----------+-------------------------------------------
     0 | D:1      | lunkers the Meteoran Reaver began the quest for the Orb.
     0 | D:1      | Reached XP level 1. HP: 17/17 MP: 5/5
   198 | D:1      | Reached XP level 2. HP: 21/24 MP: 6/6
   505 | D:2      | Reached skill level 5 in Maces & Flails
   574 | D:2      | Reached XP level 3. HP: 10/20 MP: 6/8
   806 | D:3      | Found a faded altar of an unknown god.
   860 | D:3      | Prayed at the altar of an unknown god.
   860 | D:3      | Became a worshipper of Kikubaaqudgha
   860 | D:3      | Reached * piety under Kikubaaqudgha
   860 | D:3      | Received a gift from Kikubaaqudgha
   934 | D:3      | Found a hazy altar of Hepliaklqana.
   997 | D:3      | Learned a level 1 spell: Necrotise
  1053 | D:3      | Reached XP level 4. HP: 11/23 MP: 1/9
  1098 | D:3      | Reached skill level 1 in Necromancy
  1174 | D:3      | Found a hide-covered altar of Uskayaw.
  1216 | D:3      | Reached XP level 5. HP: 34/34 MP: 8/10
  1287 | D:4      | Found an ornate altar of the Wu Jian Council.
  1319 | D:4      | Reached skill level 2 in Necromancy
  1401 | D:4      | Found a blossoming altar of Fedhas.
  1435 | D:4      | Reached skill level 1 in Short Blades
  1435 | D:4      | Reached XP level 6. HP: 37/42 MP: 6/11
  1439 | D:4      | Reached ** piety under Kikubaaqudgha
  1534 | D:4      | Reached skill level 3 in Necromancy
  1689 | D:5      | Entered Level 5 of the Dungeon
  1692 | D:5      | Noticed an ice beast
  1713 | D:5      | Killed an ice beast
  1743 | D:5      | Reached XP level 7. HP: 50/55 MP: 10/12
  1800 | D:5      | Found a staircase to the Ecumenical Temple.
  1984 | D:5      | Reached skill level 4 in Necromancy
  2067 | D:5      | Learned a level 3 spell: Vampiric Draining
  2070 | D:5      | Learned a level 2 spell: Cigotuvi's Dreadful Rot
  2230 | D:5      | Noticed Blork the orc
  2240 | D:5      | Killed Blork the orc
  2241 | D:5      | Reached skill level 5 in Necromancy
  2397 | D:5      | Reached XP level 8. HP: 47/61 MP: 3/13
  2479 | D:6      | Reached skill level 5 in Short Blades
  2493 | D:6      | Noticed a fire elemental
  2495 | D:6      | Found a stormy altar of Qazlal.
  2508 | D:6      | Noticed a water elemental
  2508 | D:6      | Noticed an air elemental
  2591 | D:6      | Found a sparkling altar of Nemelex Xobeh.
  2604 | D:6      | Reached skill level 6 in Necromancy
  3003 | D:6      | Gained mutation: You passively map the area around you.
                  | [Meteoran growth]
  3003 | D:6      | Reached XP level 9. HP: 47/67 MP: 14/14
  3004 | D:6      | Reached skill level 7 in Necromancy
  3285 | D:7      | Reached *** piety under Kikubaaqudgha
  3285 | D:7      | Received a gift from Kikubaaqudgha
  3292 | D:7      | Learned a level 5 spell: Borgnjor's Vile Clutch
  3373 | D:7      | Reached skill level 1 in Earth Magic
  3444 | D:7      | Found Relim's Lightly-Used Armoury.
  3447 | D:7      | Bought a -2 demon blade for 70 gold pieces
  3531 | D:7      | Reached skill level 8 in Necromancy
  3647 | D:7      | Found a white marble altar of Elyvilon.
  3766 | D:8      | Noticed Erica
  3790 | D:8      | Killed Erica
  3791 | D:8      | Reached XP level 10. HP: 6/73 MP: 3/17
  3839 | D:8      | Noticed Psyche
  3938 | D:7      | Reached skill level 9 in Necromancy
  3938 | D:7      | Reached skill level 5 in Earth Magic
  4251 | D:8      | Reached skill level 5 in Spellcasting
  4282 | D:8      | Killed Psyche
  4450 | D:9      | Reached **** piety under Kikubaaqudgha
  4480 | D:9      | Noticed a two-headed ogre
  4508 | D:9      | Killed a two-headed ogre
  4509 | D:9      | Reached skill level 10 in Necromancy
  4509 | D:9      | Reached XP level 11. HP: 79/79 MP: 1/20
  4545 | D:9      | Learned a level 6 spell: Death Channel
  4581 | D:9      | Found a flagged portal.
  4605 | Bailey   | Entered a bailey
  4657 | Bailey   | Found a large runed translucent door.
  4657 | Bailey   | Found a large runed translucent door.
  4658 | Bailey   | Noticed a deep elf zephyrmancer
  4658 | Bailey   | Noticed an orc knight
  4701 | Bailey   | Killed an orc knight
  4803 | Bailey   | Killed a deep elf zephyrmancer
  5056 | D:9      | Reached skill level 11 in Necromancy
  5236 | D:9      | Found a shadowy altar of Dithmenos.
  5287 | D:10     | Entered Level 10 of the Dungeon
  5287 | D:10     | Found Ryeffen's General Store.
  5290 | D:10     | Bought 2 scrolls of enchant weapon for 150 gold pieces
  5304 | D:10     | Reached ***** piety under Kikubaaqudgha
  5341 | D:10     | Found Lynefomn's Armour Shop.
  5344 | D:10     | Found a staircase to the Orcish Mines.
  5368 | D:10     | Found Ipisaser's Weapon Shop.
  5578 | D:10     | Noticed a two-headed ogre
  5588 | D:10     | Killed a two-headed ogre
  5609 | D:10     | Noticed a two-headed ogre
  5626 | D:10     | Killed a two-headed ogre
  5650 | D:10     | Slain by a wraith

Illustrated notes

Levels and vault maps discovered:
D:1:      dreamdust_arrival_sigmund_warning, layout_rooms, solitary_fountain,
          hangedman_decor_slide_cut, hangedman_abyss_or_decor_lesser_grid,
          corexii_hall_statues_i, minmay_tetromino_t2
D:2:      layout_basic, minmay_misc_feat_secret_circle
D:3:      minmay_diamond_boxcup, layout_basic, mainiacjoe_overflow_paths,
          mainiacjoe_overflow_concentric_impassable, serial_shops, shop,
          nicolae_ecumenical_lake_church, kennysheep_potato
D:4:      layout_rooms, mainiacjoe_overflow_alcove_2, lemuel_doored_altar,
          st_stairs_10
D:5:      kennysheep_big_flooded_room, layout_basic, minmay_temple_entry_waves,
          serial_glass, glass_columns_b, glass_columns_c, due_unseen_surprise,
          item_on_display_a, hangedman_abyss_or_decor_stagger,
          serial_bayou_pond_d, hangedman_decor_riveting, uniq_blork_the_orc
D:6:      layout_gridville, nicolae_qazlal_style_of_elements,
          nemelex_dance_club_becter, kennysheep_diamond
D:7:      layout_basic, mainiacjoe_overflow_24_doors, lemuel_crystal_altar,
          minmay_shop_damaged, minmay_misc_feat_four_crosses,
          nrook_mini_backslash
D:8:      cheibrodos_iron_armory, layout_basic, serial_glass, glass_columns_b,
          glass_columns_b, glass_columns_c, glass_columns_a, glass_columns_b,
          glass_columns_c, glass_columns_a, glass_columns_a, glass_columns_a,
          glass_columns_b, uniq_psyche, uniq_erica
D:9:      layout_roguey, mainiacjoe_overflow_boulevard, enter_bailey_4,
          gammafunk_ghost_spectres, grunt_ministairs_14, st_stairs_4,
          minivault_25_ag
D:10:     layout_irregular_city, kennysheep_mini_moat, orc_david_3,
          serial_shops, nicolae_stop_n_shop_2

Skill      XL: |  1  2  3  4  5  6  7  8  9 10 11 |
---------------+----------------------------------+-----
Maces & Flails | 5 6 |  6.7
Necromancy     | 1 2 3 5 6 8 10 11 | 11.7
Short Blades   | 1 2 4 6 7 8 9 |  9.4
Spellcasting   | 4 5 7 |  7.4
Earth Magic    | 4 7 9 |  9.1
Fighting       | |  2.1
Dodging        | |  2.4
Conjurations   | |  3.6

Action                     |  1- 3 |  4- 6 |  7- 9 | 10-12 || total
---------------------------+-------+-------+-------+-------++-------
  Melee: Mace              |    93 |    24 |       |       ||   117
         Punch             |     1 |     4 |     3 |     3 ||    11
         Whip              |       |    42 |    42 |       ||    84
         Dagger            |       |       |   174 |   185 ||   359
   Cast: Kiss of Death     |     5 |     1 |       |       ||     6
         Necrotise         |     8 |    31 |    34 |    24 ||    97
         Vampiric Draining |       |       |    26 |    13 ||    39
         Cigotuvi's Dreadf |       |       |     1 |       ||     1
         Borgnjor's Vile C |       |       |       |    37 ||    37
  Evoke: Wand              |       |     4 |     1 |     4 ||     9
    Use: Scroll            |     1 |     6 |     6 |     5 ||    18
         Potion            |       |       |     2 |     3 ||     5
   Stab: Invisible         |       |     1 |       |       ||     1
 Armour: Leather armour    |    11 |       |       |       ||    11
         Ring mail         |    59 |    10 |    63 |       ||   132
         Robe              |       |       |       |    36 ||    36
  Dodge: Dodged            |    58 |    23 |    78 |   125 ||   284

Table legend: (Time is in decaauts)
 A = Elapsed time spent in this place.
 B = Non-inter-level travel time spent in this place.
 C = Inter-level travel time spent in this place.
 D = Time resting spent in this place.
 E = Time spent auto-exploring this place.
 F = Levels seen in this place.
 G = Mean time per level.
                   A        B        C        D        E       F      G
               +--------+--------+--------+--------+--------+-----+--------+
         Total |   5544 |   5331 |    213 |      0 |   3531 |  11 |  504.0 |
       Dungeon |   5266 |   5053 |    213 |      0 |   3489 |  10 |  526.6 |
        Bailey |    278 |    278 |      0 |      0 |     42 |   1 |  278.0 |
               +--------+--------+--------+--------+--------+-----+--------+

Top non-repeatable levels by time:
     D:6: 778 daAuts
     D:5: 756 daAuts
     D:8: 583 daAuts
     D:9: 568 daAuts
     D:7: 535 daAuts
     D:3: 466 daAuts
     D:1: 438 daAuts
     D:4: 424 daAuts
     D:2: 369 daAuts
    D:10: 345 daAuts
  Bailey: 278 daAuts
